 Dungeon Crawl Stone Soup version 0.21-a0-582-g1b93aee (webtiles) character file.

10 vishdafish the Charmwright (level 2, 22/22 HPs)
             Began as a Demonspawn Skald on Dec 19, 2017.
             Quit the game on level 1 of the Dungeon.
             The game lasted 00:00:50 (281 turns).

vishdafish the Charmwright (Demonspawn Skald)        Turns: 281, Time: 00:00:51

Health: 22/22      AC:  3    Str: 11    XL:     2   Next: 10%
Magic:  5/5        EV: 11    Int: 14    God:
Gold:   59         SH:  0    Dex: 12    Spells: 4/5 levels left

rFire    . . .     SeeInvis .   a - +0 spear
rCold    + . .     Gourm    .   (no shield)
rNeg     . . .     Faith    .   b - +0 leather armour
rPois    .         Spirit   .   (no helmet)
rElec    .         Reflect  .   (no cloak)
rCorr    .         Harm     .   (no gloves)
MR       .....                  (no boots)
Stlth    +.........             (no amulet)
HPRegen  0.07/turn              j - ring of protection from cold
MPRegen  0.09/turn              (no ring)

@: no status effects
A: sanguine armour 1
a: no special abilities


You were on level 1 of the Dungeon.
You were not hungry.

You visited 1 branch of the dungeon, and saw 1 of its levels.

You collected 59 gold pieces.

Inventory:

Hand Weapons
 a - a +0 spear (weapon)
Armour
 b - a +0 leather armour (worn)
Jewellery
 j - a ring of protection from cold (left hand)
Scrolls
 f - a scroll of fear {unknown}
 i - a scroll of teleportation {unknown}
 l - a scroll of amnesia {unknown}
 n - a scroll of identify {unknown}
Potions
 e - 2 potions of curing {unknown}
 g - a potion of might {unknown}
 h - 2 potions of ambrosia {unknown}
 k - a potion of haste {unknown}
 m - a potion of heal wounds {unknown}
Books
 c - a book of Battle

   Spells                             Type                      Level
   a - Infusion                       Charms                       1
   b - Shroud of Golubria             Charms/Translocation         2
   c - Song of Slaying                Charms                       2
   d - Spectral Weapon                Hexes/Charms                 3
   e - Regeneration                   Charms/Necromancy            3
Comestibles
 d - a ration


   Skills:
 + Level 2.2 Fighting
 + Level 1.9 Polearms
 + Level 0.8 Armour
 + Level 1.7 Dodging
 + Level 2.2 Spellcasting
 + Level 2.8 Charms


You had 4 spell levels left.
You knew the following spells:

 Your Spells              Type           Power        Failure   Level  Hunger
a - Infusion              Chrm           #...         10%         1    #......


Dungeon Overview and Level Annotations

Branches:
Dungeon (1/15)

Altars:


Innate Abilities, Weirdness & Mutations

When seriously injured, your bleeding wounds create armour. (AC +0)


Message History

No target in view!
No target in view!
No target in view!
No target in view!
No target in view!
No target in view!
No target in view!
No target in view!
n - a scroll labeled QIG ECLIATAE
Things that are here:
a short sword; a stone You open the door.
There is an open door here.
There is a stone staircase leading down here.
You now have 59 gold pieces (gained 13).
A goblin comes into view. It is wielding a dagger.
The goblin shouts!
The goblin moves out of view.
Found 15 poisoned needles.
Are you sure you want to abandon this character and quit the game? (Confirm with "yes".)

.#
#...............#
.#
#############.###
.# #........#.#
.# #.######.#.#
.# #.######.#.#
.# #.#......#.#
.# #.#.######.#
.# #.#........#
## #@#.########
#.#.# ..#.# ####
...#.# ...#
....#.# ...#
.....#.# ...#
......#.. ...#
....(..#.. ....


There were no monsters in sight!

Vanquished Creatures
  A bat (D:1)
  A goblin (D:1)
  2 hobgoblins (D:1)
  3 kobolds (D:1)
  A frilled lizard (D:1)
  A rat (D:1)
9 creatures vanquished.

Notes
Turn   | Place    | Note
-------+----------+-------------------------------------------
     0 | D:1      | vishdafish the Demonspawn Skald began the quest for the Orb.
     0 | D:1      | Reached XP level 1. HP: 16/16 MP: 3/3
    93 | D:1      | Gained mutation: When seriously injured, your bleeding wounds create armour. (AC +0) [demonic ancestry]
    93 | D:1      | Reached XP level 2. HP: 14/22 MP: 5/5
   281 | D:1      | Quit the game

Vault maps used:
D:1:      dpeg_arrival_lava_altar, st_stairs_6, minmay_bisected

Action                   || total
-------------------------++-------
Melee: Spear             ||    44
 Cast: Infusion          ||     1
Armor: Leather armour    ||    17
Dodge: Dodged            ||    20

Table legend:
 A = Spawn XP
 B = Non-spawn XP
 C = Spawn XP percentage of total XP
 D = Spawn monster count
 E = Non-spawn monster count
 F = Spawn count percentage of total count
 G = Total turns spent on level
                    A         B        C        D         E        F      G
               +---------+---------+-------+---------+---------+-------+---------
         Total |       0 |      15 |   0.0 |       0 |       9 |   0.0 |   281
               +---------+---------+-------+---------+---------+-------+---------
           D:1 |       0 |      15 |   0.0 |       0 |       9 |   0.0 |   281
               +---------+---------+-------+---------+---------+-------+---------
